WCHLSIM.com - West Coast Hockey League
html PUBLIC "-//W3C//DTD XHTML 1.0 Transitional//EN" "http://www.w3.org/TR/xhtml1/DTD/xhtml1-transitional.dtd"> WCHL - Game 1087 - KELOWNA ROCKETS vs CALGARY FIREMEN

KELOWNA ROCKETS vs CALGARY FIREMEN

Created - 26 mars 2023 at 12:51

Goals
1 2 3 T
KELOWNA ROCKETS 0 2 3 5
CALGARY FIREMEN 1 1 0 2
Shots
1 2 3 T
KELOWNA ROCKETS 7 11 19 37
CALGARY FIREMEN 5 5 2 12

1st period

1. CALGARY FIREMEN , Sonny Milano 14 (Filip Forsberg 46, Ryan Johansen 37) at 4:19

Penalties :
Shayne Gostisbehere (CGY) for Cross-checking (Minor) at 14:03, Dmitri Orlov (KEL) for Hooking (Minor) at 18:49

2nd period

2. CALGARY FIREMEN , Marc-Edouard Vlasic 4 (Filip Forsberg 47, Ryan Johansen 38) at 0:05 (PP)
3. KELOWNA ROCKETS , J.T. Compher 9 (Alexander Ovechkin 37, Vladimir Tarasenko 26) at 1:32
4. KELOWNA ROCKETS , Vladimir Tarasenko 26 (J.T. Compher 23, Alexander Ovechkin 38) at 7:17

Penalties :
Olli Maatta (CGY) for Roughing (Double Minor) at 13:38

3rd period

5. KELOWNA ROCKETS , Auston Matthews 44 (Adam Fox 44, Pavel Buchnevich 50) at 1:06 (PP)
6. KELOWNA ROCKETS , J.T. Compher 10 (Adam Fox 45, Alexander Ovechkin 39) at 10:25
7. KELOWNA ROCKETS , Pavel Buchnevich 32 (Auston Matthews 65, Valeri Nichushkin 31) at 10:48

Penalties :
Robert Bortuzzo (CGY) for Holding Stick (Minor) at 0:22, Fabian Zetterlund (CGY) for Hooking (Minor) at 12:45, Oskar Lindblom (CGY) for Hooking (Minor) at 16:37

Goalie Stats

Craig Anderson (KEL), 10 saves from 12 shots - (0,833), W, 8-4-4, 60:00 minutes
Carey Price (CGY), 32 saves from 37 shots - (0,865), L, 7-12-1, 60:00 minutes

Players Stats for KELOWNA ROCKETS

Player Name              G  A  P  +/- PIM S  H  SB GA TA FO     MP     PP MP  PK MP  
------------------------------------------------------------------------------------
Adam Fox                 0  2  2   1  0   2  0  4  0  0  0/0    24:59   6:07   1:06 
Alexander Ovechkin       0  3  3   2  0   3  4  1  0  0  1/4    21:24   6:36   0:00 
Anthony Cirelli          0  0  0   0  0   1  0  0  0  0  6/14   16:03   4:54   0:00 
Anthony DeAngelo         0  0  0   1  0   0  2  1  0  0  0/0    21:00   5:22   0:00 
Auston Matthews          1  1  2   1  0   7  0  0  0  0  9/16   21:32   5:46   0:10 
Cody Eakin               0  0  0   0  0   0  0  0  0  0  1/5     6:31   0:00   0:00 
Derek Ryan               0  0  0   0  0   0  0  0  0  0  0/2    11:09   0:00   0:00 
Dmitri Orlov             0  0  0   1  2   0  1  0  0  0  0/0    19:59   4:22   0:00 
Duncan Keith             0  0  0   1  0   0  0  0  0  0  0/0    19:48   0:56   1:06 
J.T. Compher             2  1  3   2  0   4  0  0  0  0  9/19   15:54   0:00   1:06 
Jonathan Dahlen          0  0  0   0  0   1  0  0  0  0  0/0     6:31   0:00   0:00 
Jonathon Merrill         0  0  0   1  0   1  0  0  0  0  0/0    14:50   0:00   0:10 
Keegan Kolesar           0  0  0   0  0   0  1  0  0  0  0/0     6:31   0:00   0:00 
Mark Giordano            0  0  0   1  0   0  0  1  0  0  0/0    19:23   4:33   0:10 
Pavel Buchnevich         1  1  2   1  0   7  0  0  0  0  0/1    21:22   5:46   0:00 
Tyler Bertuzzi           0  0  0   0  0   2  1  0  0  0  0/1    14:43   3:34   0:00 
Valeri Nichushkin        0  1  1   1  0   3  1  0  0  0  2/2    17:22   0:30   1:16 
Vladimir Tarasenko       1  1  2   2  0   6  1  0  0  0  1/1    19:42   4:54   0:00 

Players Stats for CALGARY FIREMEN

Player Name              G  A  P  +/- PIM S  H  SB GA TA FO     MP     PP MP  PK MP  
------------------------------------------------------------------------------------
Adam Henrique            0  0  0  -1  0   2  0  0  0  0  12/20  17:46   0:35   3:18 
Andreas Athanasiou       0  0  0  -1  0   1  1  1  0  0  2/2    14:37   0:41   0:48 
Fabian Zetterlund        0  0  0  -2  2   0  0  0  0  0  0/0    11:57   0:00   3:51 
Filip Forsberg           0  2  2   0  0   1  0  0  0  0  0/0    16:53   0:41   0:00 
Gustav Forsling          0  0  0  -2  0   0  0  2  0  0  0/0    24:04   0:50   4:39 
Jack Drury               0  0  0  -1  0   0  0  0  0  0  4/5     9:33   0:00   2:39 
Jake McCabe              0  0  0  -2  0   0  1  3  0  0  0/0    21:25   0:26   4:05 
Jakob Silfverberg        0  0  0  -1  0   1  0  0  0  0  1/1    19:44   0:35   6:01 
Marc-Edouard Vlasic      1  0  1   0  0   1  0  0  0  0  0/0    20:31   0:06   5:39 
Mattias Janmark-Nylen    0  0  0  -2  0   0  2  0  0  0  0/0     8:07   0:00   0:00 
Olli Maatta              0  0  0  -1  4   0  2  1  0  0  0/0    16:03   0:35   1:10 
Oskar Lindblom           0  0  0   0  2   0  0  0  0  0  0/0    10:36   0:00   0:00 
Robert Bortuzzo          0  0  0   0  2   0  3  0  0  0  0/0    14:09   0:00   0:56 
Ryan Johansen            0  2  2   0  0   3  0  0  0  0  9/16   16:53   0:41   0:00 
Sam Gagner               0  0  0  -1  0   0  1  0  0  0  7/18   16:47   0:00   5:39 
Shayne Gostisbehere      0  0  0  -1  2   0  0  2  0  0  0/0    22:46   0:35   3:55 
Sonny Milano             1  0  1   0  0   1  1  0  0  0  0/2    16:47   0:35   0:00 
Yakov Trenin             0  0  0   0  0   2  0  0  0  0  1/1    10:37   0:00   0:00 

3 Stars

1 - J.T. Compher (KEL)
2 - Alexander Ovechkin (KEL)
3 - Vladimir Tarasenko (KEL)

Power Play

KELOWNA ROCKETS - 1 on 6 Attempt(s) - 16,67%
CALGARY FIREMEN - 1 on 1 Attempt(s) - 100,00%

Penalty Kill

KELOWNA ROCKETS - 0 on 1 Attempt(s) - 0,00% - Score 0 goal in Penalty Kill
CALGARY FIREMEN - 5 on 6 Attempt(s) - 83,33% - Score 0 goal in Penalty Kill

Team Stat

KELOWNA ROCKETS - Hits : 11 - Faceoff Wins : 29 - Blocked Shots : 7 - Penalty Minutes : 2
CALGARY FIREMEN - Hits : 11 - Faceoff Wins : 36 - Blocked Shots : 9 - Penalty Minutes : 12

Official

Referees : Gord Dwyer and Chris Rooney
Linesman : Robb Harrell and Derek Wahl

Game Notes

Jack Drury is injured at 0:24 of 3rd period (Broken Bone (Right Ankle))

Finance

Level 1 -- Attendance: 6000 (100,00%) -- Ticket Income 870 000 $
Level 2 -- Attendance: 5000 (100,00%) -- Ticket Income 550 000 $
Level 3 -- Attendance: 2488 (82,93%) -- Ticket Income 149 280 $
Level 4 -- Attendance: 4979 (99,58%) -- Ticket Income 293 761 $
Luxury Box -- Attendance: 1000 (100,00%) -- Ticket Income 290 000 $
Game was played at the Larouche Stadium.
Total Attendance: 19467 (97,34%)
Total Ticket Income: 2 153 041 $
Other Expense: 21 530 $
Total Income: 2 131 511 $

KELOWNA ROCKETS

5 vs 5 Forward 
   Center                   Left Wing                Right Wing               Time % Phy DF OF 
 1 Auston Matthews          Pavel Buchnevich         Valeri Nichushkin        36     0   1  4  
 2 J.T. Compher             Alexander Ovechkin       Vladimir Tarasenko       36     0   1  4  
 3 Anthony Cirelli          Tyler Bertuzzi           Derek Ryan               28     0   2  3  
 4 Cody Eakin               Jonathan Dahlen          Keegan Kolesar           0      1   3  1  

5 vs 5 Defense 
   Defense                  Defense                                           Time % Phy DF OF 
 1 Duncan Keith             Adam Fox                                          37     0   3  2  
 2 Dmitri Orlov             Anthony DeAngelo                                  35     0   3  2  
 3 Jonathon Merrill         Mark Giordano                                     28     0   3  2  
 4 Adam Fox                 Anthony DeAngelo                                  0      0   2  3  

PowerPlay Forward 
   Center                   Left Wing                Right Wing               Time % Phy DF OF 
 1 Auston Matthews          Alexander Ovechkin       Pavel Buchnevich         60     0   0  5  
 2 Anthony Cirelli          Alexander Ovechkin       Vladimir Tarasenko       40     0   0  5  

PowerPlay Defense
   Defense                  Defense                                           Time % Phy DF OF 
 1 Adam Fox                 Anthony DeAngelo                                  65     0   1  4  
 2 Dmitri Orlov             Mark Giordano                                     35     0   1  4  

Penalty Kill 4 Players Forward 
   Center                   Wing                     Time % Phy DF OF 
 1 J.T. Compher             Valeri Nichushkin        65     1   4  0  
 2 Anthony Cirelli          Pavel Buchnevich         35     1   4  0  

Penalty Kill 4 Players Defense
   Defense                  Defense                  Time % Phy DF OF 
 1 Adam Fox                 Duncan Keith             55     1   4  0  
 2 Dmitri Orlov             Mark Giordano            45     1   4  0  

Penalty Kill - 3 Players Forward 
   Forward                                           Time % Phy DF OF 
 1 J.T. Compher                                      60     1   4  0  
 2 Anthony Cirelli                                   40     1   4  0  

Penalty Kill - 3 Players Defense
   Defense                  Defense                  Time % Phy DF OF 
 1 Duncan Keith             Adam Fox                 55     1   4  0  
 2 Dmitri Orlov             Mark Giordano            45     1   4  0  

4 vs 4 Forward 
   Center                   Wing                     Time % Phy DF OF 
 1 Auston Matthews          Pavel Buchnevich         55     0   2  3  
 2 J.T. Compher             Valeri Nichushkin        45     0   2  3  

4 vs 4 Defense
   Defense                  Defense                  Time % Phy DF OF 
 1 Adam Fox                 Duncan Keith             55     1   2  2  
 2 Dmitri Orlov             Anthony DeAngelo         45     1   2  2  

Last Minutes Offensive
   Center                   Left Wing                Right Wing               Defense                  Defense                  
   Auston Matthews          Alexander Ovechkin       Pavel Buchnevich         Adam Fox                 Anthony DeAngelo         

Last Minutes Defensive
   Center                   Left Wing                Right Wing               Defense                  Defense                  
   Auston Matthews          Pavel Buchnevich         Valeri Nichushkin        Duncan Keith             Adam Fox                 

Goaltenders
Starting : Craig Anderson           
Backup : Sergei Bobrovsky         

Extra Forwards
Normal : Alexander Ovechkin, Pavel Buchnevich, Tyler Bertuzzi - PP : Tyler Bertuzzi, Valeri Nichushkin - PK : Auston Matthews
Extra Defensemen
Normal : Duncan Keith, Mark Giordano, Anthony DeAngelo - PP : Duncan Keith - PK : Jonathon Merrill, Dmitri Orlov
Penalty Shots
Alexander Ovechkin, Vladimir Tarasenko, Auston Matthews, Pavel Buchnevich, Tyler Bertuzzi
Custom OT Lines Forwards
Auston Matthews, Alexander Ovechkin, J.T. Compher, Pavel Buchnevich, Valeri Nichushkin, Vladimir Tarasenko, Anthony Cirelli, Tyler Bertuzzi, Derek Ryan, Keegan Kolesar
Custom OT Lines Defensemen
Adam Fox, Duncan Keith, Anthony DeAngelo, Dmitri Orlov, Mark Giordano

Scratches
Dysin Mayo (Healthy)

CALGARY FIREMEN

5 vs 5 Forward 
   Center                   Left Wing                Right Wing               Time % Phy DF OF 
 1 Ryan Johansen            Sonny Milano             Filip Forsberg           33     0   1  4  
 2 Adam Henrique            Jakob Silfverberg        Andreas Athanasiou       32     0   2  3  
 3 Sam Gagner               Yakov Trenin             Oskar Lindblom           25     1   2  2  
 4 Jack Drury               Mattias Janmark-Nylen    Fabian Zetterlund        10     1   3  1  

5 vs 5 Defense 
   Defense                  Defense                                           Time % Phy DF OF 
 1 Gustav Forsling          Jake McCabe                                       33     1   1  3  
 2 Olli Maatta              Shayne Gostisbehere                               32     1   1  3  
 3 Marc-Edouard Vlasic      Robert Bortuzzo                                   25     1   2  2  
 4 Gustav Forsling          Shayne Gostisbehere                               10     1   3  1  

PowerPlay Forward 
   Center                   Left Wing                Right Wing               Time % Phy DF OF 
 1 Ryan Johansen            Filip Forsberg           Andreas Athanasiou       50     0   0  5  
 2 Adam Henrique            Sonny Milano             Jakob Silfverberg        50     0   0  5  

PowerPlay Defense
   Defense                  Defense                                           Time % Phy DF OF 
 1 Gustav Forsling          Shayne Gostisbehere                               50     1   1  3  
 2 Marc-Edouard Vlasic      Jake McCabe                                       50     1   1  3  

Penalty Kill 4 Players Forward 
   Center                   Wing                     Time % Phy DF OF 
 1 Jack Drury               Jakob Silfverberg        50     0   5  0  
 2 Sam Gagner               Fabian Zetterlund        50     0   5  0  

Penalty Kill 4 Players Defense
   Defense                  Defense                  Time % Phy DF OF 
 1 Marc-Edouard Vlasic      Gustav Forsling          70     1   4  0  
 2 Shayne Gostisbehere      Jake McCabe              30     1   4  0  

Penalty Kill - 3 Players Forward 
   Forward                                           Time % Phy DF OF 
 1 Jakob Silfverberg                                 50     0   5  0  
 2 Fabian Zetterlund                                 50     0   5  0  

Penalty Kill - 3 Players Defense
   Defense                  Defense                  Time % Phy DF OF 
 1 Marc-Edouard Vlasic      Gustav Forsling          50     0   5  0  
 2 Shayne Gostisbehere      Jake McCabe              50     0   5  0  

4 vs 4 Forward 
   Center                   Wing                     Time % Phy DF OF 
 1 Ryan Johansen            Filip Forsberg           50     1   1  3  
 2 Adam Henrique            Sonny Milano             50     1   1  3  

4 vs 4 Defense
   Defense                  Defense                  Time % Phy DF OF 
 1 Gustav Forsling          Shayne Gostisbehere      50     1   1  3  
 2 Marc-Edouard Vlasic      Jake McCabe              50     1   1  3  

Last Minutes Offensive
   Center                   Left Wing                Right Wing               Defense                  Defense                  
   Ryan Johansen            Adam Henrique            Filip Forsberg           Gustav Forsling          Shayne Gostisbehere      

Last Minutes Defensive
   Center                   Left Wing                Right Wing               Defense                  Defense                  
   Adam Henrique            Filip Forsberg           Jakob Silfverberg        Gustav Forsling          Jake McCabe              

Goaltenders
Starting : Carey Price              
Backup : Vitek Vanecek            

Extra Forwards
Normal : Fabian Zetterlund, Sonny Milano, Filip Forsberg - PP : Fabian Zetterlund, Sonny Milano - PK : Jakob Silfverberg
Extra Defensemen
Normal : Marc-Edouard Vlasic, Jake McCabe, Shayne Gostisbehere - PP : Marc-Edouard Vlasic - PK : Marc-Edouard Vlasic, Shayne Gostisbehere
Penalty Shots
Filip Forsberg, Ryan Johansen, Jakob Silfverberg, Sonny Milano, Fabian Zetterlund
Custom OT Lines Forwards
Filip Forsberg, Ryan Johansen, Adam Henrique, Sam Gagner, Jakob Silfverberg, Sonny Milano, Fabian Zetterlund, Andreas Athanasiou, Yakov Trenin, Jack Drury
Custom OT Lines Defensemen
Gustav Forsling, Shayne Gostisbehere, Olli Maatta, Jake McCabe, Marc-Edouard Vlasic

Scratches
Carl Grundstrom (Healthy), Brett Howden (Healthy), Gustav Lindstrom (Healthy), Evan Cormier (Healthy)

% Time on Ice - KELOWNA ROCKETS

Lines # - Real PCT - Wanted PCT - Time Play
Normal Forward
1 - 32% - 36% - 15:36
2 - 31% - 36% - 14:48
3 - 23% - 28% - 11:09
4 - 14% - 0% - 6:31
Normal Defense
1 - 37% - 37% - 17:46
2 - 33% - 35% - 15:38
3 - 31% - 28% - 14:40
4 - 0% - 0% - 0:00
PP Forward
1 - 54% - 60% - 5:46
2 - 46% - 40% - 4:54
PP Defense
1 - 57% - 65% - 6:07
2 - 43% - 35% - 4:33
PK Forward
1 - 100% - 65% - 1:16
2 - 0% - 35% - 0:00
PK Defense
1 - 87% - 55% - 1:06
2 - 13% - 45% - 0:10
PK3 Forward
1 - 0% - 60%
2 - 0% - 40%
PK3 Defense
1 - 0% - 55%
2 - 0% - 45%
44 Forward
1 - 0% - 55%
2 - 0% - 45%
44 Defense
1 - 0% - 55%
2 - 0% - 45%
Last Minute Offensive  - 0:00
Last Minute Defensive  - 0:00
Total
Forward - 60:00
Defense - 60:00

% Time on Ice - CALGARY FIREMEN

Lines # - Real PCT - Wanted PCT - Time Play
Normal Forward
1 - 34% - 33% - 16:12
2 - 27% - 32% - 13:08
3 - 22% - 25% - 10:37
4 - 17% - 10% - 8:07
Normal Defense
1 - 35% - 33% - 16:37
2 - 30% - 32% - 14:22
3 - 27% - 25% - 12:53
4 - 9% - 10% - 4:12
PP Forward
1 - 54% - 50% - 0:41
2 - 46% - 50% - 0:35
PP Defense
1 - 66% - 50% - 0:50
2 - 34% - 50% - 0:26
PK Forward
1 - 57% - 50% - 6:04
2 - 43% - 50% - 4:36
PK Defense
1 - 52% - 70% - 5:30
2 - 48% - 30% - 5:10
PK3 Forward
1 - 0% - 50%
2 - 0% - 50%
PK3 Defense
1 - 0% - 50%
2 - 0% - 50%
44 Forward
1 - 0% - 50%
2 - 0% - 50%
44 Defense
1 - 0% - 50%
2 - 0% - 50%
Last Minute Offensive  - 0:00
Last Minute Defensive  - 0:00
Total
Forward - 60:00
Defense - 60:00

Play-by-Play

1st period


0:01 of 1st period - Valeri Nichushkin wins face-off versus Sonny Milano in neutral zone.
0:41 of 1st period - Shot by Valeri Nichushkin.
0:41 of 1st period - Stopped by Carey Price without a rebound.
0:42 of 1st period - J.T. Compher wins face-off versus Adam Henrique in CALGARY FIREMEN zone.
0:54 of 1st period - Icing by J.T. Compher.
0:55 of 1st period - J.T. Compher wins face-off versus Sam Gagner in KELOWNA ROCKETS zone.
0:57 of 1st period - Icing by Alexander Ovechkin.
0:58 of 1st period - Sam Gagner wins face-off versus J.T. Compher in KELOWNA ROCKETS zone.
0:59 of 1st period - Shot by Yakov Trenin.
0:59 of 1st period - Stopped by Craig Anderson without a rebound.
1:00 of 1st period - Anthony Cirelli wins face-off versus Sam Gagner in KELOWNA ROCKETS zone.
1:04 of 1st period - Tyler Bertuzzi is hit by Sam Gagner and loses puck.
1:11 of 1st period - Shot by Yakov Trenin.
1:11 of 1st period - Shot Misses the Net.
1:21 of 1st period - Shot by Sam Gagner.
1:21 of 1st period - Deflect By Yakov Trenin.
1:21 of 1st period - Stopped by Craig Anderson without a rebound.
1:22 of 1st period - Adam Henrique wins face-off versus J.T. Compher in KELOWNA ROCKETS zone.
1:38 of 1st period - Jakob Silfverberg is hit by Dmitri Orlov and loses puck.
1:45 of 1st period - Shot by Vladimir Tarasenko.
1:45 of 1st period - Stopped by Carey Price without a rebound.
1:46 of 1st period - Jack Drury wins face-off versus Derek Ryan in CALGARY FIREMEN zone.
2:06 of 1st period - Shot by Derek Ryan.
2:06 of 1st period - Shot Misses the Net.
2:16 of 1st period - Jonathon Merrill is hit by Mattias Janmark-Nylen and loses puck.
3:01 of 1st period - Shot by Auston Matthews.
3:01 of 1st period - Shot Blocked by Shayne Gostisbehere.
4:19 of 1st period - Shot by Sonny Milano.
4:19 of 1st period - Goal by Sonny Milano - KELOWNA ROCKETS : 0 - CALGARY FIREMEN : 1.
4:20 of 1st period - Sam Gagner wins face-off versus Cody Eakin in neutral zone.
4:53 of 1st period - Shot by Jonathan Dahlen.
4:53 of 1st period - Stopped by Carey Price without a rebound.
4:54 of 1st period - Ryan Johansen wins face-off versus J.T. Compher in CALGARY FIREMEN zone.
5:17 of 1st period - Shot by Filip Forsberg.
5:17 of 1st period - Stopped by Craig Anderson without a rebound.
5:18 of 1st period - Adam Henrique wins face-off versus Auston Matthews in KELOWNA ROCKETS zone.
5:33 of 1st period - Shot by Adam Henrique.
5:33 of 1st period - Shot Blocked by Adam Fox.
6:28 of 1st period - Shot by Alexander Ovechkin.
6:28 of 1st period - Stopped by Carey Price without a rebound.
6:29 of 1st period - Ryan Johansen wins face-off versus Anthony Cirelli in CALGARY FIREMEN zone.
7:15 of 1st period - Anthony Cirelli is hit by Sonny Milano and loses puck.
8:31 of 1st period - Shot by Andreas Athanasiou.
8:31 of 1st period - Shot Misses the Net.
8:47 of 1st period - Shot by Jakob Silfverberg.
8:47 of 1st period - Stopped by Craig Anderson with a rebound.
8:56 of 1st period - Icing by Anthony DeAngelo.
8:57 of 1st period - Ryan Johansen wins face-off versus J.T. Compher in KELOWNA ROCKETS zone.
9:10 of 1st period - Shot by Ryan Johansen.
9:10 of 1st period - Shot Blocked by Anthony DeAngelo.
10:54 of 1st period - Icing by Mark Giordano.
10:55 of 1st period - Anthony Cirelli wins face-off versus Adam Henrique in KELOWNA ROCKETS zone.
11:24 of 1st period - Shot by Tyler Bertuzzi.
11:24 of 1st period - Stopped by Carey Price without a rebound.
11:25 of 1st period - Ryan Johansen wins face-off versus Cody Eakin in CALGARY FIREMEN zone.
11:27 of 1st period - Icing by Filip Forsberg.
11:28 of 1st period - Auston Matthews wins face-off versus Ryan Johansen in CALGARY FIREMEN zone.
12:31 of 1st period - Shot by Anthony Cirelli.
12:31 of 1st period - Shot Misses the Net.
13:17 of 1st period - Ryan Johansen is hit by Keegan Kolesar.
13:18 of 1st period - Icing by Ryan Johansen.
13:19 of 1st period - J.T. Compher wins face-off versus Ryan Johansen in CALGARY FIREMEN zone.
14:00 of 1st period - Shot by Alexander Ovechkin.
14:00 of 1st period - Shot Blocked by Olli Maatta.
14:03 of 1st period - Minor Penalty to Shayne Gostisbehere for Cross-checking.
14:04 of 1st period - Sam Gagner wins face-off versus Auston Matthews in CALGARY FIREMEN zone.
17:44 of 1st period - Shayne Gostisbehere is hit by Vladimir Tarasenko and loses puck.
17:55 of 1st period - Shot by J.T. Compher.
17:55 of 1st period - Stopped by Carey Price without a rebound.
17:56 of 1st period - Adam Henrique wins face-off versus Auston Matthews in CALGARY FIREMEN zone.
18:12 of 1st period - Shot by Auston Matthews.
18:12 of 1st period - Deflect By Valeri Nichushkin.
18:12 of 1st period - Shot Misses the Net.
18:14 of 1st period - Shot by Valeri Nichushkin.
18:14 of 1st period - Deflect By Pavel Buchnevich.
18:14 of 1st period - Stopped by Carey Price without a rebound.
18:15 of 1st period - Ryan Johansen wins face-off versus J.T. Compher in CALGARY FIREMEN zone.
18:15 of 1st period - Ryan Johansen is hit by Alexander Ovechkin.
18:29 of 1st period - Filip Forsberg is hit by Anthony DeAngelo and loses puck.
18:35 of 1st period - Filip Forsberg is hit by Anthony DeAngelo and loses puck.
18:46 of 1st period - Shot by Ryan Johansen.
18:46 of 1st period - Shot Misses the Net.
18:49 of 1st period - Minor Penalty to Dmitri Orlov for Hooking.
18:50 of 1st period - J.T. Compher wins face-off versus Adam Henrique in KELOWNA ROCKETS zone.
19:04 of 1st period - Off-side.
19:05 of 1st period - Ryan Johansen wins face-off versus J.T. Compher in neutral zone.
Goals for this period are 0 for KELOWNA ROCKETS vs 1 for CALGARY FIREMEN.
Shots for this period are 7 for KELOWNA ROCKETS vs 5 for CALGARY FIREMEN.

2nd period


0:01 of 2nd period - Ryan Johansen wins face-off versus J.T. Compher in neutral zone.
0:05 of 2nd period - Shot by Marc-Edouard Vlasic.
0:05 of 2nd period - Goal by Marc-Edouard Vlasic - KELOWNA ROCKETS : 0 - CALGARY FIREMEN : 2.
0:06 of 2nd period - Adam Henrique wins face-off versus Auston Matthews in neutral zone.
0:49 of 2nd period - Shot by Adam Henrique.
0:49 of 2nd period - Shot Misses the Net.
1:18 of 2nd period - Shot by Vladimir Tarasenko.
1:18 of 2nd period - Stopped by Carey Price without a rebound.
1:19 of 2nd period - Vladimir Tarasenko wins face-off versus Ryan Johansen in CALGARY FIREMEN zone.
1:32 of 2nd period - Shot by J.T. Compher.
1:32 of 2nd period - Goal by J.T. Compher - KELOWNA ROCKETS : 1 - CALGARY FIREMEN : 2.
1:33 of 2nd period - Sam Gagner wins face-off versus Anthony Cirelli in neutral zone.
1:58 of 2nd period - Shot by Anthony Cirelli.
1:58 of 2nd period - Deflect By Tyler Bertuzzi.
1:58 of 2nd period - Shot Hit the Post.
2:01 of 2nd period - Icing by Marc-Edouard Vlasic.
2:02 of 2nd period - J.T. Compher wins face-off versus Sam Gagner in CALGARY FIREMEN zone.
2:02 of 2nd period - J.T. Compher is hit by Robert Bortuzzo.
2:45 of 2nd period - Icing by Anthony DeAngelo.
2:46 of 2nd period - Alexander Ovechkin wins face-off versus Adam Henrique in KELOWNA ROCKETS zone.
3:52 of 2nd period - Shot by Ryan Johansen.
3:52 of 2nd period - Stopped by Craig Anderson without a rebound.
3:53 of 2nd period - Valeri Nichushkin wins face-off versus Jack Drury in KELOWNA ROCKETS zone.
4:10 of 2nd period - Shot by Auston Matthews.
4:10 of 2nd period - Stopped by Carey Price with a rebound.
5:07 of 2nd period - Shot by Anthony Cirelli.
5:07 of 2nd period - Shot Blocked by Gustav Forsling.
5:47 of 2nd period - Shot by Jonathan Dahlen.
5:47 of 2nd period - Shot Misses the Net.
6:51 of 2nd period - Shot by Vladimir Tarasenko.
6:51 of 2nd period - Shot Blocked by Jake McCabe.
6:53 of 2nd period - Shot by Vladimir Tarasenko.
6:53 of 2nd period - Stopped by Carey Price with a rebound.
7:15 of 2nd period - Shot by J.T. Compher.
7:15 of 2nd period - Shot Misses the Net.
7:17 of 2nd period - Shot by Vladimir Tarasenko.
7:17 of 2nd period - Goal by Vladimir Tarasenko - KELOWNA ROCKETS : 2 - CALGARY FIREMEN : 2.
7:18 of 2nd period - Adam Henrique wins face-off versus Derek Ryan in neutral zone.
8:02 of 2nd period - Shot by Jakob Silfverberg.
8:02 of 2nd period - Shot Blocked by Adam Fox.
8:32 of 2nd period - Shot by Auston Matthews.
8:32 of 2nd period - Shot Misses the Net.
9:12 of 2nd period - Icing by Anthony DeAngelo.
9:13 of 2nd period - Auston Matthews wins face-off versus Sam Gagner in KELOWNA ROCKETS zone.
9:29 of 2nd period - Off-side.
9:30 of 2nd period - Adam Henrique wins face-off versus J.T. Compher in neutral zone.
9:41 of 2nd period - Shot by Jakob Silfverberg.
9:41 of 2nd period - Shot Misses the Net.
9:43 of 2nd period - Shot by Shayne Gostisbehere.
9:43 of 2nd period - Shot Blocked by Mark Giordano.
9:53 of 2nd period - Shot by Jakob Silfverberg.
9:53 of 2nd period - Shot Misses the Net.
10:01 of 2nd period - Shot by Adam Henrique.
10:01 of 2nd period - Stopped by Craig Anderson with a rebound.
10:03 of 2nd period - Shot by Andreas Athanasiou.
10:03 of 2nd period - Shot Blocked by Alexander Ovechkin.
10:05 of 2nd period - Shot by Olli Maatta.
10:05 of 2nd period - Shot Misses the Net.
10:48 of 2nd period - Icing by Jonathon Merrill.
10:49 of 2nd period - J.T. Compher wins face-off versus Ryan Johansen in KELOWNA ROCKETS zone.
11:16 of 2nd period - Shot by Pavel Buchnevich.
11:16 of 2nd period - Stopped by Carey Price without a rebound.
11:17 of 2nd period - Adam Henrique wins face-off versus Anthony Cirelli in CALGARY FIREMEN zone.
12:23 of 2nd period - Shot by Pavel Buchnevich.
12:23 of 2nd period - Shot Misses the Net.
12:25 of 2nd period - Shot by Valeri Nichushkin.
12:25 of 2nd period - Stopped by Carey Price without a rebound.
12:26 of 2nd period - Ryan Johansen wins face-off versus Cody Eakin in CALGARY FIREMEN zone.
12:47 of 2nd period - Shot by Ryan Johansen.
12:47 of 2nd period - Stopped by Craig Anderson with a rebound.
12:49 of 2nd period - Shot by Ryan Johansen.
12:49 of 2nd period - Shot Misses the Net.
12:51 of 2nd period - Shot by Shayne Gostisbehere.
12:51 of 2nd period - Shot Blocked by Adam Fox.
12:53 of 2nd period - Shot by Shayne Gostisbehere.
12:53 of 2nd period - Shot Misses the Net.
12:55 of 2nd period - Shot by Filip Forsberg.
12:55 of 2nd period - Shot Blocked by Adam Fox.
13:38 of 2nd period - Double Minor Penalty to Olli Maatta for Roughing.
13:39 of 2nd period - Sam Gagner wins face-off versus Anthony Cirelli in CALGARY FIREMEN zone.
13:58 of 2nd period - Shot by Alexander Ovechkin.
13:58 of 2nd period - Deflect By Vladimir Tarasenko.
13:58 of 2nd period - Stopped by Carey Price without a rebound.
13:59 of 2nd period - Auston Matthews wins face-off versus Sam Gagner in CALGARY FIREMEN zone.
14:00 of 2nd period - Shot by Pavel Buchnevich.
14:00 of 2nd period - Stopped by Carey Price with a rebound.
14:02 of 2nd period - Shot by Auston Matthews.
14:02 of 2nd period - Shot Misses the Net.
14:04 of 2nd period - Shot by Dmitri Orlov.
14:04 of 2nd period - Shot Misses the Net.
14:06 of 2nd period - Shot by Auston Matthews.
14:06 of 2nd period - Shot Blocked by Gustav Forsling.
14:10 of 2nd period - Shot by Auston Matthews.
14:10 of 2nd period - Deflect By Alexander Ovechkin.
14:10 of 2nd period - Shot Misses the Net.
14:44 of 2nd period - Shot by Alexander Ovechkin.
14:44 of 2nd period - Shot Blocked by Shayne Gostisbehere.
14:57 of 2nd period - Icing by Anthony Cirelli.
14:58 of 2nd period - Anthony Cirelli wins face-off versus Sam Gagner in KELOWNA ROCKETS zone.
15:16 of 2nd period - Shot by Vladimir Tarasenko.
15:16 of 2nd period - Stopped by Carey Price without a rebound.
15:17 of 2nd period - Sam Gagner wins face-off versus Anthony Cirelli in CALGARY FIREMEN zone.
17:02 of 2nd period - Shot by Adam Fox.
17:02 of 2nd period - Stopped by Carey Price without a rebound.
17:03 of 2nd period - Jack Drury wins face-off versus Anthony Cirelli in CALGARY FIREMEN zone.
17:09 of 2nd period - Icing by Adam Fox.
17:10 of 2nd period - Jack Drury wins face-off versus Alexander Ovechkin in KELOWNA ROCKETS zone.
18:42 of 2nd period - Shot by Andreas Athanasiou.
18:42 of 2nd period - Stopped by Craig Anderson without a rebound.
18:43 of 2nd period - Adam Henrique wins face-off versus Auston Matthews in KELOWNA ROCKETS zone.
Goals for this period are 2 for KELOWNA ROCKETS vs 1 for CALGARY FIREMEN.
Shots for this period are 11 for KELOWNA ROCKETS vs 5 for CALGARY FIREMEN.

3rd period


0:01 of 3rd period - Auston Matthews wins face-off versus Ryan Johansen in neutral zone.
0:06 of 3rd period - Shot by Auston Matthews.
0:06 of 3rd period - Shot Misses the Net.
0:21 of 3rd period - Shot by Pavel Buchnevich.
0:21 of 3rd period - Stopped by Carey Price without a rebound.
0:22 of 3rd period - J.T. Compher wins face-off versus Adam Henrique in CALGARY FIREMEN zone.
0:22 of 3rd period - Minor Penalty to Robert Bortuzzo for Holding Stick.
0:23 of 3rd period - Jack Drury wins face-off versus Alexander Ovechkin in CALGARY FIREMEN zone.
0:23 of 3rd period - Jack Drury is hit by Alexander Ovechkin.
0:24 of 3rd period - Jack Drury from CALGARY FIREMEN is injured at 0:24 of 3rd period (Broken Bone (Right Ankle)).
0:25 of 3rd period - Jakob Silfverberg wins face-off versus Alexander Ovechkin in CALGARY FIREMEN zone.
0:58 of 3rd period - Shot by Pavel Buchnevich.
0:58 of 3rd period - Shot Misses the Net.
1:00 of 3rd period - Shot by Adam Fox.
1:00 of 3rd period - Stopped by Carey Price with a rebound.
1:04 of 3rd period - Shot by Auston Matthews.
1:04 of 3rd period - Shot Misses the Net.
1:06 of 3rd period - Shot by Auston Matthews.
1:06 of 3rd period - Goal by Auston Matthews - KELOWNA ROCKETS : 3 - CALGARY FIREMEN : 2.
1:07 of 3rd period - Anthony Cirelli wins face-off versus Ryan Johansen in neutral zone.
1:53 of 3rd period - Off-side.
1:54 of 3rd period - Adam Henrique wins face-off versus J.T. Compher in neutral zone.
1:57 of 3rd period - Adam Fox is hit by Andreas Athanasiou and loses puck.
2:10 of 3rd period - Shot by J.T. Compher.
2:10 of 3rd period - Stopped by Carey Price without a rebound.
2:11 of 3rd period - Yakov Trenin wins face-off versus Pavel Buchnevich in CALGARY FIREMEN zone.
2:22 of 3rd period - Icing by Dmitri Orlov.
2:23 of 3rd period - Auston Matthews wins face-off versus Adam Henrique in KELOWNA ROCKETS zone.
2:38 of 3rd period - Shot by Auston Matthews.
2:38 of 3rd period - Stopped by Carey Price without a rebound.
2:39 of 3rd period - J.T. Compher wins face-off versus Sonny Milano in CALGARY FIREMEN zone.
2:48 of 3rd period - Shot by J.T. Compher.
2:48 of 3rd period - Shot Misses the Net.
3:48 of 3rd period - Icing by Dmitri Orlov.
3:49 of 3rd period - Andreas Athanasiou wins face-off versus Auston Matthews in KELOWNA ROCKETS zone.
4:18 of 3rd period - Shot by Adam Henrique.
4:18 of 3rd period - Shot Misses the Net.
4:24 of 3rd period - Shot by Valeri Nichushkin.
4:24 of 3rd period - Stopped by Carey Price without a rebound.
4:25 of 3rd period - Anthony Cirelli wins face-off versus Sam Gagner in CALGARY FIREMEN zone.
4:26 of 3rd period - Shot by Tyler Bertuzzi.
4:26 of 3rd period - Deflect By Anthony Cirelli.
4:26 of 3rd period - Shot Blocked by Jake McCabe.
6:14 of 3rd period - Shot by Valeri Nichushkin.
6:14 of 3rd period - Shot Misses the Net.
6:16 of 3rd period - Shot by Auston Matthews.
6:16 of 3rd period - Stopped by Carey Price with a rebound.
6:32 of 3rd period - Shot by Auston Matthews.
6:32 of 3rd period - Stopped by Carey Price with a rebound.
6:44 of 3rd period - Shot by Pavel Buchnevich.
6:44 of 3rd period - Stopped by Carey Price without a rebound.
6:45 of 3rd period - Adam Henrique wins face-off versus Cody Eakin in CALGARY FIREMEN zone.
6:58 of 3rd period - Shot by Jakob Silfverberg.
6:58 of 3rd period - Shot Misses the Net.
7:05 of 3rd period - Icing by Mark Giordano.
7:06 of 3rd period - Cody Eakin wins face-off versus Ryan Johansen in KELOWNA ROCKETS zone.
8:19 of 3rd period - Shot by Alexander Ovechkin.
8:19 of 3rd period - Shot Misses the Net.
8:23 of 3rd period - Shot by Alexander Ovechkin.
8:23 of 3rd period - Shot Misses the Net.
8:48 of 3rd period - Pavel Buchnevich is hit by Olli Maatta and loses puck.
9:02 of 3rd period - Auston Matthews is hit by Olli Maatta and loses puck.
9:43 of 3rd period - Shot by Anthony Cirelli.
9:43 of 3rd period - Stopped by Carey Price without a rebound.
9:44 of 3rd period - J.T. Compher wins face-off versus Sam Gagner in CALGARY FIREMEN zone.
10:25 of 3rd period - Shot by J.T. Compher.
10:25 of 3rd period - Goal by J.T. Compher - KELOWNA ROCKETS : 4 - CALGARY FIREMEN : 2.
10:26 of 3rd period - Andreas Athanasiou wins face-off versus Tyler Bertuzzi in neutral zone.
10:34 of 3rd period - Adam Henrique is hit by Tyler Bertuzzi and loses puck.
10:40 of 3rd period - Icing by Olli Maatta.
10:41 of 3rd period - Auston Matthews wins face-off versus Adam Henrique in CALGARY FIREMEN zone.
10:44 of 3rd period - Shot by Pavel Buchnevich.
10:44 of 3rd period - Deflect By Auston Matthews.
10:44 of 3rd period - Stopped by Carey Price with a rebound.
10:46 of 3rd period - Shot by Auston Matthews.
10:46 of 3rd period - Stopped by Carey Price with a rebound.
10:48 of 3rd period - Shot by Pavel Buchnevich.
10:48 of 3rd period - Goal by Pavel Buchnevich - KELOWNA ROCKETS : 5 - CALGARY FIREMEN : 2.
10:49 of 3rd period - Ryan Johansen wins face-off versus Auston Matthews in neutral zone.
11:14 of 3rd period - Filip Forsberg is hit by Valeri Nichushkin and loses puck.
11:32 of 3rd period - Pavel Buchnevich is hit by Robert Bortuzzo and loses puck.
12:19 of 3rd period - Anthony Cirelli is hit by Mattias Janmark-Nylen.
12:45 of 3rd period - Minor Penalty to Fabian Zetterlund for Hooking.
12:46 of 3rd period - Adam Henrique wins face-off versus Anthony Cirelli in CALGARY FIREMEN zone.
12:56 of 3rd period - Off-side.
12:57 of 3rd period - Anthony Cirelli wins face-off versus Adam Henrique in neutral zone.
13:00 of 3rd period - Marc-Edouard Vlasic is hit by Alexander Ovechkin and loses puck.
13:59 of 3rd period - Shot by Alexander Ovechkin.
13:59 of 3rd period - Stopped by Carey Price without a rebound.
14:00 of 3rd period - Auston Matthews wins face-off versus Sam Gagner in CALGARY FIREMEN zone.
14:07 of 3rd period - Shot by Auston Matthews.
14:07 of 3rd period - Shot Misses the Net.
14:09 of 3rd period - Shot by Dmitri Orlov.
14:09 of 3rd period - Shot Blocked by Andreas Athanasiou.
14:11 of 3rd period - Shot by Pavel Buchnevich.
14:11 of 3rd period - Shot Misses the Net.
14:27 of 3rd period - Shot by Pavel Buchnevich.
14:27 of 3rd period - Shot Blocked by Jake McCabe.
14:29 of 3rd period - Shot by Pavel Buchnevich.
14:29 of 3rd period - Stopped by Carey Price with a rebound.
14:43 of 3rd period - Shot by Alexander Ovechkin.
14:43 of 3rd period - Stopped by Carey Price with a rebound.
14:45 of 3rd period - Shot by Anthony DeAngelo.
14:45 of 3rd period - Shot Misses the Net.
15:19 of 3rd period - Shot by Filip Forsberg.
15:19 of 3rd period - Deflect By Ryan Johansen.
15:19 of 3rd period - Stopped by Craig Anderson with a rebound.
15:21 of 3rd period - Shot by Sonny Milano.
15:21 of 3rd period - Shot Misses the Net.
15:49 of 3rd period - Shot by Adam Henrique.
15:49 of 3rd period - Stopped by Craig Anderson with a rebound.
16:02 of 3rd period - Anthony Cirelli is hit by Jake McCabe.
16:10 of 3rd period - Shot by Tyler Bertuzzi.
16:10 of 3rd period - Stopped by Carey Price with a rebound.
16:12 of 3rd period - Shot by Jonathon Merrill.
16:12 of 3rd period - Stopped by Carey Price without a rebound.
16:13 of 3rd period - Sam Gagner wins face-off versus J.T. Compher in CALGARY FIREMEN zone.
16:13 of 3rd period - Shayne Gostisbehere is hit by Alexander Ovechkin and loses puck.
16:37 of 3rd period - Minor Penalty to Oskar Lindblom for Hooking.
16:38 of 3rd period - Auston Matthews wins face-off versus Sam Gagner in CALGARY FIREMEN zone.
16:50 of 3rd period - Icing by Auston Matthews.
16:51 of 3rd period - Auston Matthews wins face-off versus Sam Gagner in KELOWNA ROCKETS zone.
17:48 of 3rd period - Icing by Anthony Cirelli.
17:49 of 3rd period - Adam Henrique wins face-off versus Anthony Cirelli in KELOWNA ROCKETS zone.
18:37 of 3rd period - Anthony Cirelli is hit by Robert Bortuzzo and loses puck.
Goals for this period are 3 for KELOWNA ROCKETS vs 0 for CALGARY FIREMEN.
Shots for this period are 19 for KELOWNA ROCKETS vs 2 for CALGARY FIREMEN.


SEBASTIAN
AHO
MARK
SCHEIFELE
JAKE
OETTINGER

EAST COAST

HOCKEY LEAGUE

  • 17.QUE3CHI2
  • 18.CHA2LIM4
  • 19.TRV3LON2
  • 20.CHW1BAL2
  • 21.PITMAN
  • 22.ATLNHW
  • 23.WORPET
  • 24.RHI